AoeStats
← de one who is win this play

Arabia

509991643Analyzed
4v4 RM · 4d ago on Sep 28, 2026· 17m 26s· 8 players
Game mode
Random Map
Map size
Large (8 player)
Population
200
Speed
Normal
Resources
Standard
Victory
Conquest
Starting age
Dark Age
Ending age
Imperial Age
RankedLock teamsTeams togetherTeam positionsShared explorationLock speedFull tech treeHidden civsTurbo modeCheats
Victory
Defeat
🇵🇪 Goths · Peru
1228
+11
🇦🇷 Saracens · Argentina
1220
+12
🇦🇷 Aztecs · Argentina
1155
+14
🇦🇷 Franks · Argentina
1061
+18
🇧🇷 Britons · Brazil
1177
-16
🇨🇴 Huns · Colombia
1128
-14
🇺🇸 Spanish · United States
1126
-14
🇧🇴 Tupi · Bolivia
1056
-11
PuneMahaWarrior
10:49 Feudal Age
14:33 Castle Age
13:25 Stone Mining
13:41 Double-Bit Axe
14:41 Loom
15:39 Bow Saw
15:56 Horse Collar
[LCDR] PERTUBADO
7:14 Loom
9:25 Feudal Age
MrHugo_14
1:27 Loom
11:29 Feudal Age
15:53 Champi Runner
de one who is win this play
6:57 Loom
9:50 Feudal Age
14:00 Forging
13:56 Scale Barding Armor
MaxTorres04
4:05 Loom
9:43 Feudal Age
9:47 Man-at-Arms
11:48 Double-Bit Axe
17:30 Wheelbarrow
EIM | Virgin King
8:39 Loom
10:25 Feudal Age
13:18 Double-Bit Axe
17:16 Forging
Ahnta
4:36 Loom
9:41 Feudal Age
11:12 Double-Bit Axe
Tha_Kela
7:18 Loom
10:18 Feudal Age
12:40 Forging
13:37 Scale Mail Armor
15:16 Arson
Connection lost

Rejoining the realm…

Still unreachable

The connection could not be restored.

Session expired

The server has moved on; the page needs a fresh start.